Map: Habitation Station LE (Void)

Players

Musumeci - Winner!

  • Race: Zerg Zerg
  • League: Diamond
  • Spawn Location: 1:00

LeBurgonde

  • Race: Zerg Zerg
  • League: Master
  • Spawn Location: 11:00

VOD

Have the link to the VOD?

Description

Time

  • Played on: Jan. 7, 2017, 6:48 a.m.
  • Length: 6:04
Show
View Real Time Build Order
Export as new Build Order

Musumeci Zerg - Winner!

Build Orders: Hatch First, Zergling Baneling 

Get SALT Encoding   

  12  0:02  Drone  
  13  0:08  Drone  
  14  0:14  Extractor  
  14  0:16  Drone  
  15  0:22  Overlord  
  15  0:40  Drone  
  16  0:45  Drone  
  17  0:56  Hatchery  
  16  1:15  Extractor  
  16  1:17  Spawning Pool  
  14  1:25  Drone x3  
  17  1:46  Drone  
  18  1:47  Drone  
  19  1:57  Overlord  
  19  2:03  Queen  
  19  2:08  Zergling x2  
  22  2:09  Queen  
  24  2:17  Drone  
  24  2:18  Metabolic Boost  
  24  2:20  Drone  
  26  2:23  Drone  
  26  2:29  Drone  
  27  2:38  Zergling x2  
  26  3:01  Zergling x10  
  31  3:07  Baneling Nest  
  30  3:28  Zergling x12  
  30  3:32  Overlord  
  30  3:34  Overlord  
  36  3:47  Evolution Chamber  
  35  3:50  Baneling x3  
  35  3:51  Zergling x8  
  35  3:54  Zergling x2  
  40  3:56  Zergling x4  
  39  4:31  Baneling  
  39  4:32  Baneling x8  
  39  4:34  Zergling x14  
  39  5:01  Zergling x2  
  39  5:02  Zergling x10  
  39  5:22  Baneling x4, Zergling x2  
  39  5:23  Zergling x10  
  40  5:38  Zergling x6  
Show
View Real Time Build Order
Export as new Build Order

LeBurgonde Zerg 

Build Orders: Pool First 

Get SALT Encoding   

  12  0:01  Drone  
  13  0:12  Overlord  
  13  0:19  Drone  
  14  0:31  Drone x2  
  17  0:35  Drone  
  17  0:48  Spawning Pool  
  17  0:49  Drone  
  17  0:55  Extractor  
  17  0:56  Drone  
  17  1:08  Drone  
  18  1:18  Drone  
  19  1:33  Hatchery  
  19  1:38  Zergling x2  
  19  1:39  Queen  
  21  1:41  Zergling x2  
  22  1:51  Overlord  
  22  2:06  Metabolic Boost  
  22  2:10  Drone  
  22  2:12  Overlord  
  23  2:20  Queen  
  23  2:22  Drone  
  26  2:46  Drone x3  
  28  2:58  Zergling x4  
  29  3:02  Overlord x2  
  29  3:09  Zergling x4  
  31  3:33  Evolution Chamber  
  31  3:34  Evolution Chamber  
  29  3:35  Drone x7  
  29  3:36  Spine Crawler  
  35  3:47  Queen  
  38  3:48  Drone  
  38  3:49  Drone  
  39  4:02  Drone x5  
  44  4:23  Spine Crawler  
  39  4:29  Zergling x2  
  39  4:30  Zergling x8  
  44  4:31  Overlord  
  45  4:49  Spine Crawler  
  44  4:54  Hatchery  
  44  4:57  Zergling x2  
  44  4:58  Zergling x10  
  43  5:02  Zergling x2  
  43  5:03  Queen, Zergling x2  
  41  5:12  Zergling x2  
  40  5:14  Zergling x8  
  29  5:34  Zergling x2  
  29  5:40  Zergling x2  
  19  5:50  Drone  
Tags
 
Add a new tag
Caveats
  • Supply blocks, unpowered buildings, or Contaminate may cause inaccurate times.
  • Supply counts are checked every 10 seconds.